AoeStats
← dario.calabrese

Four Lakes

509435277Analyzed
1v1 RM · 5d ago on Sep 26, 2026· 47m 50s· 2 players
Game mode
Random Map
Map size
Tiny (2 player)
Population
200
Speed
Normal
Resources
Standard
Victory
Conquest
Starting age
Dark Age
Ending age
Imperial Age
RankedLock teamsTeams togetherTeam positionsShared explorationLock speedFull tech treeHidden civsTurbo modeCheats
Victory
Defeat
🇳🇱 Varangians · Netherlands
1032
+16
🇮🇹 Poles · Italy
1039
-16
SpecialeBoterham
8:28 Loom
10:38 Feudal Age
11:39 Man-at-Arms
15:18 Double-Bit Axe
15:44 Town Watch
18:24 Castle Age
18:37 Forging
18:28 Scale Mail Armor
19:43 Squires
19:30 Gambesons
20:00 Gold Mining
20:18 Horse Collar
20:55 Long Swordsman
24:29 Heavy Plow
31:41 Imperial Age
30:17 Bow Saw
31:17 Iron Casting
30:59 Chain Mail Armor
32:45 Bloodlines
32:35 Husbandry
32:06 Elite Varangian Guard
34:31 Fletching
35:43 Conscription
35:59 Ballistics
36:39 Chemistry
39:47 Scale Barding Armor
41:19 Bodkin Arrow
41:46 Chain Barding Armor
43:57 Padded Archer Armor
43:57 Bracer
43:40 Elite Skirmisher
dario.calabrese
11:39 Feudal Age
18:41 Castle Age
17:19 Scale Barding Armor
17:57 Gold Mining
17:54 Double-Bit Axe
17:54 Horse Collar
19:28 Forging
19:36 Bloodlines
19:49 Bow Saw
19:42 Husbandry
20:32 Heavy Plow
24:02 Wheelbarrow
23:51 Town Watch
26:25 Hand Cart
28:11 Crossbowman
30:47 Fletching
30:58 Padded Archer Armor
34:58 Imperial Age
32:51 Ballistics
33:43 Thumb Ring
34:35 Pikeman
35:17 Squires
36:22 Bodkin Arrow
36:42 Leather Archer Armor
39:05 Chemistry
38:15 Masonry
38:34 Heavy Mounted Crossbowman
40:54 Crop Rotation
42:50 Light Cavalry
Connection lost

Rejoining the realm…

Still unreachable

The connection could not be restored.

Session expired

The server has moved on; the page needs a fresh start.